 Dungeon Crawl Stone Soup version 0.29-a0-902-g0f71de6fce (webtiles) character file.

Game seed: 2204557320735833880

47 wilfster70 the Sneak (level 3, 0/24 HPs)
             Began as a Kobold Delver on July 24, 2022.
             Succumbed to an adder's poison
             ... on level 3 of the Dungeon.
             The game lasted 00:02:21 (348 turns).

wilfster70 the Sneak (Kobold Delver)                 Turns: 348, Time: 00:02:22

Health: 0/24       AC:  3    Str:  9    XL:     3   Next: 97%
Magic:  3/3        EV: 15    Int: 13    God:
Gold:   8          SH:  0    Dex: 22    Spells: 2/2 levels left

rFire   . . .      SeeInvis .   a - +0 short sword
rCold   . . .      Faith    .   (no shield)
rNeg    . . .      Spirit   .   b - +0 leather armour
rPois   .          Reflect  .   (no helmet)
rElec   .          Harm     .   (no cloak)
rCorr   .          Rampage  .   (no gloves)
Will    .....                   (no boots)
Stlth   +++++.....              (no amulet)
HPRegen 0.08/turn               h - +6 ring of dexterity
MPRegen 0.08/turn               (no ring)

@: lethally poisoned (0 -> -4)
A: small, no large weapons, nightstalker 3
a: no special abilities


You were on level 3 of the Dungeon.
You visited 1 branch of the dungeon, and saw 3 of its levels.

You collected 8 gold pieces.

Inventory:

Hand Weapons
 a - a +0 short sword (weapon)
Armour
 b - a +0 leather armour (worn)
Jewellery
 h - a +6 ring of dexterity (left hand)
Wands
 g - a wand of digging (3)
Scrolls
 c - a scroll of fog
 d - a scroll of magic mapping
 e - a scroll of fear
 f - a scroll of enchant weapon {unknown}


   Skills:
 + Level 3.8 Fighting
 * Level 4.1 Short Blades
 - Level 2.4 Dodging
 + Level 7.0 Stealth


You had 2 spell levels left.
You didn't know any spells.
Your spell library was empty.

Dungeon Overview and Level Annotations

Branches:
Dungeon (5/15)
 Temple: D:4-7

Altars:


Innate Abilities, Weirdness & Mutations

You are small and have problems with some larger weapons.
You are completely attuned to the shadows.


Message History

You see here a scroll labelled TEACVU TEINK.
f - a scroll labelled TEACVU TEINK The ball python bites you.
* * * LOW HITPOINT WARNING * * *
The ball python misses you.
Found a scroll labelled ZAETIS DEQE.
Found a dagger.
A rat comes into view.
Your extra speed is starting to run out.
A worm comes into view.
A giant cockroach comes into view.
The helpless worm fails to defend itself.
You impale the worm!!
You kill the worm!
You feel yourself slow down.
You see here a worm corpse.
A hobgoblin comes into view.
The helpless hobgoblin fails to defend itself.
You impale the hobgoblin!!
You kill the hobgoblin!
An adder comes into view.
You see here a hobgoblin corpse.
The ball python attacks as you move away!
The ball python closely misses you. The ball python barely misses you.
The adder closely misses you. The adder bites you.
* * * LOW HITPOINT WARNING * * *
You are lethally poisoned!
The adder poisons you! The ball python bites you.
* * * LOW HITPOINT WARNING * * *
The ball python misses you.
* * * LOW HITPOINT WARNING * * *
You feel sick. The ball python barely misses you. The ball python grabs you.
The ball python constricts you.
You escape the ball python's grasp.
The adder attacks as you move away! The adder barely misses you.
* * * LOW HITPOINT WARNING * * *
You feel sick. The adder closely misses you.
You aren't carrying any potions.
You die...

####..#..
#####z..)....
##...†........
#.##..........
#.##
#.##.......... #
..# #.##B.........
..
#.###†###.....r...
...#.##S...#
#..@.Sr...#
#####.....#
##....# #....#
######


You could see an adder, a quokka and a ball python.

Vanquished Creatures
  A hound (D:5)
  An adder (D:4)
  A worm (D:3)
  A hobgoblin (D:3)
  2 jackals (D:4)
  A kobold (D:4)
7 creatures vanquished.

Notes
Turn   | Place    | Note
-------+----------+-------------------------------------------
     0 | D:5      | wilfster70 the Kobold Delver began the quest for the Orb.
     0 | D:5      | Reached XP level 1. HP: 14/14 MP: 1/1
    58 | D:5      | Noticed a hound
    62 | D:5      | Noticed a hound
    63 | D:5      | Killed a hound
    64 | D:5      | Reached XP level 2. HP: 20/20 MP: 2/2
    64 | D:5      | Reached XP level 3. HP: 24/24 MP: 3/3
   142 | D:4      | Reached skill level 7 in Stealth
   299 | D:4      | Noticed a wight
   301 | D:4      | Noticed a wight
   302 | D:4      | Noticed a wight
   347 | D:3      | HP: 1/24 [poisoned by an adder]
   348 | D:3      | Succumbed to an adder's poison

Illustrated notes

Levels and vault maps discovered:
D:3:      minmay_octagon_keep, layout_rooms, uniq_natasha, uniq_ijyb
D:4:      layout_basic, minmay_temple_entry_offerings, minmay_checkerbox
D:5:      layout_basic, serial_shops, shop

Skill      XL: |  1  2  3 |
---------------+----------+-----
Short Blades   | 3 4 |  4.1
Stealth        | 7 |  7.0
Fighting       | |  3.8
Dodging        | |  2.4

Action                   || total
-------------------------++-------
Melee: Short sword       ||    30
  Use: Potion            ||     1
 Stab: Sleeping          ||     5
Armor: Leather armour    ||     5
Dodge: Dodged            ||    23

Table legend: (Time is in decaauts)
 A = Elapsed time spent in this place.
 B = Non-inter-level travel time spent in this place.
 C = Inter-level travel time spent in this place.
 D = Time resting spent in this place.
 E = Time spent auto-exploring this place.
 F = Levels seen in this place.
 G = Mean time per level.
                   A        B        C        D        E       F      G
               +--------+--------+--------+--------+--------+-----+--------+
         Total |    329 |    329 |      0 |     50 |      0 |   3 |  109.7 |
       Dungeon |    329 |    329 |      0 |     50 |      0 |   3 |  109.7 |
               +--------+--------+--------+--------+--------+-----+--------+

Top non-repeatable levels by time:
     D:4: 208 daAuts
     D:5: 87 daAuts
     D:3: 33 daAuts
